 Dungeon Crawl Stone Soup version 0.30-a0-626-gd6a5dd7a1f (webtiles) character file.

Game seed: 193519214369094183

340 NinjaNoafa the Caller (level 6, -1/44 HPs)
             Began as a Gnoll Summoner on Jan 11, 2023.
             Slain by a killer bee (8 damage)
             ... on level 4 of the Dungeon.
             The game lasted 00:05:44 (4233 turns).

NinjaNoafa the Caller (Gnoll Summoner)              Turns: 4233, Time: 00:05:44

Health: -1/44      AC:  2    Str:  8    XL:     6   Next: 56%
Magic:  4/14       EV: 13    Int: 16    God:
Gold:   183        SH:  0    Dex: 12    Spells: 3/15 levels left

rFire   . . .      SeeInvis .      - Unarmed
rCold   . . .      Faith    +    (no shield)
rNeg    . . .      Spirit   .    a - +0 robe
rPois   .          Reflect  .    (no helmet)
rElec   .          Harm     .    (no cloak)
rCorr   .          Rampage  .    (no gloves)
Will    .....                    (no boots)
Stlth   +++                      f - amulet of faith
HPRegen 0.27/turn                g - ring of wizardry
MPRegen 0.14/turn                (no ring)

@: lethally poisoned (-1 -> -8)
A: fangs 1, strong nose, distributed training
a: no special abilities


You were on level 4 of the Dungeon.
You visited 1 branch of the dungeon, and saw 4 of its levels.

You collected 183 gold pieces.

Inventory:

Missiles
 l - 10 poisoned darts
Armour
 a - a +0 robe (worn)
Jewellery
 f - an amulet of faith (around neck)
 g - a ring of wizardry (left hand)
Wands
 q - a wand of roots (5)
 s - a wand of mindburst (14)
 u - a wand of digging (2)
Scrolls
 d - 3 scrolls of identify {unknown}
 e - 2 scrolls of fog {unknown}
 h - 8 scrolls of teleportation {unknown}
 j - a scroll of enchant armour {unknown}
 m - a scroll of noise {unknown}
 n - a scroll of vulnerability {unknown}
 o - 2 scrolls of enchant weapon {unknown}
 v - a scroll of amnesia {unknown}
Potions
 b - 2 potions of magic
 c - 2 potions of mutation {unknown}
 i - 2 potions of berserk rage {unknown}
 k - 2 potions of flight {unknown}
 p - 3 potions of brilliance {unknown}
 r - a potion of haste {unknown}
 t - a potion of ambrosia {unknown}
 w - a potion of heal wounds {unknown}


   Skills:
 + Level 2.1 Fighting
 + Level 2.1 Short Blades
 + Level 2.1 Long Blades
 + Level 2.1 Axes
 + Level 2.1 Maces & Flails
 + Level 2.1 Polearms
 + Level 2.1 Staves
 + Level 2.1 Ranged Weapons
 + Level 2.1 Throwing
 + Level 2.1 Armour
 + Level 5.0 Dodging
 + Level 4.7 Stealth
 + Level 2.1 Shields
 + Level 2.1 Unarmed Combat
 + Level 5.4 Spellcasting
 + Level 1.6 Conjurations
 + Level 1.6 Hexes
 + Level 7.3 Summonings
 + Level 1.6 Necromancy
 + Level 1.6 Translocations
 + Level 1.6 Transmutations
 + Level 1.6 Fire Magic
 + Level 1.6 Ice Magic
 + Level 1.6 Air Magic
 + Level 1.6 Earth Magic
 + Level 1.6 Poison Magic
 + Level 2.3 Invocations
 + Level 2.1 Evocations


You had 3 spell levels left.
You knew the following spells:

 Your Spells              Type           Power      Damage    Failure   Level
a - Summon Small Mammal   Summ           100%       N/A       1%          1
b - Call Imp              Summ           27%        N/A       1%          2
c - Call Canine Familiar  Summ           27%        N/A       1%          3
d - Summon Guardian Gole  Hex/Summ       18%        N/A       2%          3
e - Blink                 Tloc           18%        N/A       4%          2
f - Slow                  Hex            36%        N/A       3%          1

Your spell library contained the following spells:

 Spells                   Type           Power      Damage    Failure   Level
 Confusing Touch          Hex            9%         N/A       9%          3
 Portal Projectile        Hex/Tloc       18%        N/A       9%          3
 Vampiric Draining        Necr           9%         2d6       9%          3
 Summon Lightning Spire   Summ/Air       18%        N/A       9%          4
 Leda's Liquefaction      Hex/Erth       4%         N/A       28%         4
 Manifold Assault         Tloc           9%         N/A       28%         4
 Lee's Rapid Deconstruct  Erth           4%         3d5*      58%         5
 Statue Form              Tmut/Erth      6%         N/A       98%         6
 Storm Form               Tmut/Air       4%         N/A       100%        7


Dungeon Overview and Level Annotations

Branches:
Dungeon (4/15)
 Temple: D:4-7

Altars:


Innate Abilities, Weirdness & Mutations

You have very sharp teeth.
Your uncanny sense of smell can sniff out nearby items.
Your experience applies equally to all skills.


Message History

The killer bee closely misses your hound.
Your hound misses the killer bee.
The killer bee stings you but does no damage.
The killer bee stings your hound! The killer bee stings you.
The killer bee stings your quokka.
Your quokka dies!
Your quokka's corpse disappears in a puff of smoke!
The killer bee attacks as you move away!
The killer bee misses you. The killer bee closely misses you.
The killer bee stings your hound.
Your hound completely misses the killer bee.
The killer bee stings your hound. The killer bee stings you.
Your hound bites the killer bee.
The killer bee misses your hound. The killer bee closely misses you.
The killer bee closely misses your hound.
Your hound bites the killer bee.
The killer bee barely misses your hound.
The killer bee barely misses you.
Your hound closely misses the killer bee.
The killer bee closely misses your hound.
Your hound closely misses the killer bee.
The killer bee misses you. The killer bee closely misses you.
The killer bee stings something.
The killer bee stings you.
You are poisoned.
The killer bee poisons you!
The killer bee attacks as you move away!
The killer bee closely misses you.
You feel sick. The killer bee stings you. x2
You feel sick.
The killer bee attacks as you move away!
The killer bee barely misses you.
You feel sick. The killer bee stings you!
* * * LOW HITPOINT WARNING * * *
You are more poisoned.
The killer bee poisons you! The killer bee misses you. x2
There is a stone staircase leading up, spattered with blood here.
You feel sick. The killer bee closely misses you. The killer bee misses you.
The killer bee stings you.
* * * LOW HITPOINT WARNING * * *
The killer bee completely misses you. The killer bee misses you.
The killer bee barely misses you. The killer bee stings you!
You die...

........(...##.#........#..#####.
#...........#.....###..#...##....
###..............###..###...#..<.
##..#..###..#...##...#.........
###..#...#...##............#.###
##...##..###.##............##.# #
.....###.##.................<##
.#....##.##..y.yyy............#
##......#..#..y@.............#
###..#....##.y.....#.......##
#####..#....###....###..5..###
#...............#..(###..###
#..#.##y.##.#...#...#..### ####
#.#####.h.####.###.......####..##
...#......#.#..#.#..............#
........#.......................#
#...).......)##..................


You could see 6 killer bees.

Vanquished Creatures (collateral kills)
  Edmund (D:4)
  A hound (D:4)
  2 iguanas (D:4)
  6 adders
  A worm (D:2)
  A dart slug (D:1)
  2 orcs
  6 ball pythons
  4 bats
  7 endoplasms
  3 giant cockroaches (D:1)
  5 goblins
  8 hobgoblins
  9 jackals
  3 quokkas
  4 frilled lizards
  9 kobolds
  2 rats
74 creatures vanquished.

Notes
Turn   | Place    | Note
-------+----------+-------------------------------------------
     0 | D:1      | NinjaNoafa the Gnoll Summoner began the quest for the Orb.
     0 | D:1      | Reached XP level 1. HP: 13/13 MP: 6/6
   217 | D:1      | Reached XP level 2. HP: 19/19 MP: 4/7
   222 | D:1      | Learned a level 2 spell: Call Imp
   779 | D:1      | Reached skill level 5 in Spellcasting
   779 | D:1      | Reached XP level 3. HP: 23/25 MP: 3/9
   791 | D:1      | Learned a level 3 spell: Call Canine Familiar
   795 | D:1      | Learned a level 3 spell: Summon Guardian Golem
   798 | D:1      | Learned a level 2 spell: Blink
  1187 | D:2      | Reached skill level 1 in Invocations
  1268 | D:2      | Reached skill level 1 in Fighting
  1268 | D:2      | Reached skill level 1 in Short Blades
  1268 | D:2      | Reached skill level 1 in Long Blades
  1268 | D:2      | Reached skill level 1 in Axes
  1268 | D:2      | Reached skill level 1 in Maces & Flails
  1268 | D:2      | Reached skill level 1 in Polearms
  1268 | D:2      | Reached skill level 1 in Staves
  1268 | D:2      | Reached skill level 1 in Ranged Weapons
  1268 | D:2      | Reached skill level 1 in Throwing
  1268 | D:2      | Reached skill level 1 in Armour
  1268 | D:2      | Reached skill level 1 in Shields
  1268 | D:2      | Reached skill level 1 in Unarmed Combat
  1268 | D:2      | Reached skill level 1 in Evocations
  1581 | D:2      | Reached XP level 4. HP: 32/32 MP: 6/11
  1997 | D:2      | Reached skill level 1 in Conjurations
  1997 | D:2      | Reached skill level 1 in Hexes
  1997 | D:2      | Reached skill level 1 in Necromancy
  1997 | D:2      | Reached skill level 1 in Translocations
  1997 | D:2      | Reached skill level 1 in Transmutations
  1997 | D:2      | Reached skill level 1 in Fire Magic
  1997 | D:2      | Reached skill level 1 in Ice Magic
  1997 | D:2      | Reached skill level 1 in Air Magic
  1997 | D:2      | Reached skill level 1 in Earth Magic
  1997 | D:2      | Reached skill level 1 in Poison Magic
  3285 | D:3      | Reached XP level 5. HP: 37/37 MP: 8/12
  3585 | D:3      | Found a faded altar of an unknown god.
  3720 | D:3      | Learned a level 1 spell: Slow
  4138 | D:4      | Noticed Edmund
  4164 | D:4      | Killed Edmund
  4165 | D:4      | Reached skill level 5 in Dodging
  4165 | D:4      | Reached XP level 6. HP: 40/44 MP: 1/14
  4233 | D:4      | Slain by a killer bee

Illustrated notes

Levels and vault maps discovered:
D:1:      dpeg_arrival_rooms_c, layout_loops_cross
D:2:      layout_basic
D:3:      layout_rooms, hellmonk_ecumenical_altar_zigzags
D:4:      layout_cave_pools, lemuel_round_altar, uniq_edmund

Skill      XL: |  1  2  3  4  5 |
---------------+----------------+-----
Spellcasting   | 5 |  5.4
Invocations    | 1 2 |  2.3
Fighting       | 1 2 |  2.1
Short Blades   | 1 2 |  2.1
Long Blades    | 1 2 |  2.1
Axes           | 1 2 |  2.1
Maces & Flails | 1 2 |  2.1
Polearms       | 1 2 |  2.1
Staves         | 1 2 |  2.1
Ranged Weapons | 1 2 |  2.1
Throwing       | 1 2 |  2.1
Armour         | 1 2 |  2.1
Shields        | 1 2 |  2.1
Unarmed Combat | 1 2 |  2.1
Evocations     | 1 2 |  2.1
Conjurations   | 1 |  1.6
Hexes          | 1 |  1.6
Necromancy     | 1 |  1.6
Translocations | 1 |  1.6
Transmutations | 1 |  1.6
Fire Magic     | 1 |  1.6
Ice Magic      | 1 |  1.6
Air Magic      | 1 |  1.6
Earth Magic    | 1 |  1.6
Poison Magic   | 1 |  1.6
Dodging        | 5 |  5.0
Stealth        | |  4.7
Summonings     | |  7.3

Action                   |  1- 3 |  4- 6 || total
-------------------------+-------+-------++-------
Melee: Unarmed           |     1 |       ||     1
 Cast: Summon Small Mamm |    45 |    35 ||    80
       Call Imp          |    11 |    15 ||    26
       Call Canine Famil |     6 |    17 ||    23
       Summon Guardian G |     1 |     2 ||     3
       Blink             |     1 |       ||     1
       Slow              |       |     4 ||     4
Armor: Robe              |     6 |     5 ||    11
Dodge: Dodged            |    16 |    49 ||    65

Table legend: (Time is in decaauts)
 A = Elapsed time spent in this place.
 B = Non-inter-level travel time spent in this place.
 C = Inter-level travel time spent in this place.
 D = Time resting spent in this place.
 E = Time spent auto-exploring this place.
 F = Levels seen in this place.
 G = Mean time per level.
                   A        B        C        D        E       F      G
               +--------+--------+--------+--------+--------+-----+--------+
         Total |   4231 |   4146 |     85 |      0 |   3393 |   4 | 1057.8 |
       Dungeon |   4231 |   4146 |     85 |      0 |   3393 |   4 | 1057.8 |
               +--------+--------+--------+--------+--------+-----+--------+

Top non-repeatable levels by time:
     D:2: 1643 daAuts
     D:1: 1181 daAuts
     D:3: 909 daAuts
     D:4: 496 daAuts
